 Dungeon Sprint DCSS version 0.27.0-1-g7a089689b8 (webtiles) character file.

Game seed: 8241230852719574003

17242 ABBCCCDDDD the Warrior (level 12, -31/127 HPs)
             Began as a Minotaur Berserker on Aug 17, 2021.
             Was a High Priest of Trog.
             Killed by an exploding ball lightning (34 damage)
             ... in the Dungeon (Sprint I: "Red Sonja").
             The game lasted 00:13:41 (4603 turns).

ABBCCCDDDD the Warrior (Minotaur Berserker)         Turns: 4603, Time: 00:13:42

Health: -31/127    AC: 30    Str: 29    XL:     12   Next: 17%
Magic:  3/3        EV: 15    Int:  6    God:    Trog [*****.]
Gold:   1362       SH: 13    Dex: 15    Spells: 11/11 levels left

rFire    . . .     SeeInvis +   t - +7 broad axe (antimagic)
rCold    . . .     Faith    .   q - +0 kite shield
rNeg     + . .     Spirit   .   h - +2 plate armour {rPois}
rPois    +         Reflect  .   (helmet restricted)
rElec    .         Harm     .   r - +2 cloak
rCorr    .         Rampage  +   b - +2 pair of gloves {Str+3}
Will     .....     NoTele   +   s - +1 pair of boots {rampage}
Stlth    ..........             (no amulet)
HPRegen  0.31/turn              a - ring "Esojunegh" {rN+ Dex+6 SInv}
MPRegen  0.08/turn              (no ring)

@: on berserk cooldown, hasted, very quick
A: horns 2, retaliatory headbutt
a: Renounce Religion, Berserk, Trog's Hand, Brothers in Arms


You were in the Dungeon.
You worshipped Trog.
Trog was extremely pleased with you.
You visited 1 branch You collected 3827 gold pieces.
You spent 2465 gold pieces at shops.

Inventory:

Hand Weapons
 t - a +7 antimagic broad axe (weapon)
Missiles
 m - 5 curare-tipped darts (quivered)
Armour
 b - a +2 pair of gloves of strength (worn)
 h - a +2 plate armour of poison resistance (worn)
 i - a +2 chain mail of cold resistance
 p - a +1 scale mail of fire resistance
 q - a +0 kite shield (worn)
 r - a +2 cloak (worn)
 s - a +1 pair of boots of rampaging (worn)
Jewellery
 a - the ring "Esojunegh" (left hand) {rN+ Dex+6 SInv}
   (You bought it in a shop in the Dungeon)

   [ring of dexterity]

   Dex:       It affects your dexterity (+6).
   rN:        It protects you from negative energy.
   SInv:      It lets you see invisible.
Wands
 k - a wand of iceblast (11)
Scrolls
 j - a scroll of immolation
 l - a scroll of enchant armour
 n - a scroll of silence
 o - 6 scrolls of identify
Potions
 c - 4 potions of curing
 d - a potion of heal wounds
 e - a potion of haste
 f - 2 potions of magic
 g - a potion of berserk rage
Miscellaneous
 u - a phial of floods


   Skills:
 + Level 17.8 Fighting
 - Level 16.0 Axes
 + Level 17.6 Armour
 + Level 16.3 Dodging
 + Level 11.4 Shields


You had 11 spell levels left.
You didn't know any spells.
Your spell library was empty.

Dungeon Overview and Level Annotations

Branches:
Dungeon (1/1)

Altars:
Cheibriados
Dithmenos
Elyvilon
Fedhas
Gozag
Hepliaklqana
Kikubaaqudgha
Makhleb
Nemelex Xobeh
Okawaru
Qazlal
Ru
Sif Muna
Trog
Uskayaw
Vehumet
Wu Jian
Xom
Yredelemnul
Zin
The Shining One
Jiyva
Lugonu

Shops:
D (?:*=(!=([([![([[=

Annotations:
D exclusion: oklob plant, Lom Lobon


Innate Abilities, Weirdness & Mutations

You have a pair of horns on your head.
You reflexively headbutt those who attack you in melee.


Message History

The blast of lightning engulfs your ogre!!
Your ogre dies!
Your ogre's corpse disappears in a puff of smoke!
The blast of lightning engulfs Lom Lobon.
Lom Lobon completely resists.
The blast of lightning engulfs you!!!
* * * LOW HITPOINT WARNING * * *
You hear a clap of thunder!
The blast of lightning engulfs Lom Lobon.
Lom Lobon completely resists.
The blast of lightning engulfs your iron troll!!
Your iron troll bites Lom Lobon!!
Your iron troll misses Lom Lobon.
Your iron troll claws Lom Lobon!!!
Lom Lobon gestures.
Your iron troll bites Lom Lobon.
Your iron troll claws Lom Lobon!
Your iron troll closely misses Lom Lobon.
Found 81 gold pieces. 3 ball lightnings come into view.
The ball lightning explodes!
The blast of lightning engulfs Lom Lobon.
Lom Lobon completely resists.
The blast of lightning engulfs the ball lightning.
The ball lightning completely resists.
The blast of lightning engulfs your iron troll!!
The blast of lightning engulfs the ball lightning.
The ball lightning completely resists.
The blast of lightning engulfs you!!
* * * LOW HITPOINT WARNING * * *
The ball lightning explodes!
The blast of lightning engulfs your iron troll!
The blast of lightning engulfs Lom Lobon.
Lom Lobon completely resists.
The blast of lightning engulfs the ball lightning.
The ball lightning completely resists.
The ball lightning explodes!
The blast of lightning engulfs Lom Lobon.
Lom Lobon completely resists.
The blast of lightning engulfs your iron troll!!!
Your iron troll dies!
Your iron troll's corpse disappears in a puff of smoke!
The blast of lightning engulfs you!!
You die...

#..#(.#.###.#M≈..#§.§§§§)..§..#
#.........#.###..#.§..§§...§..#
#.........# #.+..##....§....^##
'.○°...#### #^##'##.....§....#
##°..### #^#≈§≈##........##
##### #.#≈&≈§##:..).:##
..#≈≈≈≈≈######## °####≈≈≈≈#≈≈≈
.° #@≈≈≈'≈≈. .. #$$$##≈≈#≈≈≈
&°. #$$$ #####' °°. #$$$ ####


You could see Lom Lobon (gusty).

Levels and vault maps discovered:
D:        dungeon_sprint_1 [red_sonja_temple_1, red_sonja_temple_small_1]

Notes
Turn   | Place    | Note
-------+----------+-------------------------------------------
     0 | D        | ABBCCCDDDD the Minotaur Berserker began the quest for the
                  | Orb.
     0 | D        | Reached XP level 1. HP: 19/19 MP: 0/0
     1 | D        | Noticed Ijyb
     6 | D        | Killed Ijyb
     7 | D        | Reached skill level 5 in Fighting
     7 | D        | Reached skill level 5 in Axes
     7 | D        | Reached XP level 2. HP: 20/29 MP: 1/1
   176 | D        | Noticed an ogre
   182 | D        | Killed an ogre
   183 | D        | Reached skill level 5 in Armour
   183 | D        | Reached skill level 5 in Dodging
   183 | D        | Reached XP level 3. HP: 38/38 MP: 2/2
   183 | D        | Reached XP level 4. HP: 45/45 MP: 3/3
   228 | D        | Noticed Sigmund
   237 | D        | Killed Sigmund
   237 | D        | Reached ** piety under Trog
   238 | D        | Reached XP level 5. HP: 53/53 MP: 4/4
   295 | D        | Found an ornate altar of the Wu Jian Council.
   295 | D        | Found a shimmering blue altar of Sif Muna.
   297 | D        | Found a radiant altar of Vehumet.
   308 | D        | Reached XP level 6. HP: 62/62 MP: 5/5
   392 | D        | Found Ollieduq's Magic Scroll Emporium.
   392 | D        | Found an ancient bone altar of Kikubaaqudgha.
   392 | D        | Found a hazy altar of Hepliaklqana.
   392 | D        | Found a stormy altar of Qazlal.
   392 | D        | Found a hide-covered altar of Uskayaw.
   392 | D        | Found a blossoming altar of Fedhas.
   392 | D        | Found a bloodstained altar of Trog.
   392 | D        | Found an iron altar of Okawaru.
   392 | D        | Found a basalt altar of Yredelemnul.
   392 | D        | Found a glowing golden altar of the Shining One.
   392 | D        | Found a snail-covered altar of Cheibriados.
   392 | D        | Found a sacrificial altar of Ru.
   392 | D        | Found a glowing silver altar of Zin.
   392 | D        | Found a shadowy altar of Dithmenos.
   392 | D        | Found a white marble altar of Elyvilon.
   392 | D        | Noticed a yak
   398 | D        | Killed a yak
   399 | D        | Found an opulent altar of Gozag.
   423 | D        | Found a sparkling altar of Nemelex Xobeh.
   452 | D        | Noticed a centaur warrior
   452 | D        | Noticed a centaur warrior
   468 | D        | Killed a centaur warrior
   468 | D        | Reached *** piety under Trog
   469 | D        | Reached skill level 10 in Armour
   469 | D        | Reached skill level 10 in Dodging
   469 | D        | Reached XP level 7. HP: 16/74 MP: 6/6
   469 | D        | Reached XP level 8. HP: 18/82 MP: 7/7
   471 | D        | Killed a centaur warrior
   721 | D        | Killed a gargoyle
   764 | D        | Noticed a hornet
   774 | D        | Killed a hornet
   929 | D        | Found a viscous altar of Jiyva.
   929 | D        | Found a corrupted altar of Lugonu.
   929 | D        | Noticed a slime creature
   930 | D        | Found a burning altar of Makhleb.
   930 | D        | Found a shimmering altar of Xom.
   940 | D        | Killed a slime creature
   941 | D        | Reached XP level 9. HP: 91/91 MP: 8/8
  1131 | D        | Noticed a deep troll
  1139 | D        | Killed a deep troll
  1139 | D        | Reached **** piety under Trog
  1222 | D        | Noticed Sonja
  1229 | D        | Killed Sonja
  1408 | D        | Found Kaburul's Armour Emporium.
  1432 | D        | Bought a scroll of identify for 26 gold pieces
  1433 | D        | Bought a scroll of identify for 26 gold pieces
  1433 | D        | Bought a scroll of identify for 26 gold pieces
  1433 | D        | Bought a scroll of identify for 26 gold pieces
  1452 | D        | Noticed an oklob plant
  1458 | D        | Killed an oklob plant
  1774 | D        | Reached XP level 10. HP: 84/102 MP: 9/9
  1950 | D        | Paralysed by a floating eye for 3 turns
  1954 | D        | Reached ***** piety under Trog
  2144 | D        | Received a gift from Trog
  2198 | D        | Reached ****** piety under Trog
  2587 | D        | Found Sianeomi's General Store.
  2587 | D        | Found Faoluomm's Book Shop.
  2587 | D        | Found Utocel's Jewellery Boutique.
  2589 | D        | Found Nin Kice's Weapon Emporium.
  2589 | D        | Found Mifem's Distillery.
  2589 | D        | Found Sinkown's Jewellery Shoppe.
  2589 | D        | Found Pusu's Antique Weapon Boutique.
  2589 | D        | Found Ybidaosm's Antique Armour Emporium.
  2589 | D        | Found Hiluded's Weapon Shop.
  2589 | D        | Found Foson's Armour Shoppe.
  2592 | D        | Found Wixogg's Distillery.
  2593 | D        | Found Xiludapp's Antique Weapon Emporium.
  2593 | D        | Found Kaupis's Armour Boutique.
  2594 | D        | Found Davugaq's Antique Armour Emporium.
  2602 | D        | Bought a +0 kite shield for 58 gold pieces
  2602 | D        | Bought a +2 cloak for 214 gold pieces
  2602 | D        | Bought a +1 pair of boots of rampaging for 214 gold pieces
  2620 | D        | Bought a +2 pair of gloves of strength for 279 gold pieces
  2676 | D        | Reached skill level 1 in Shields
  2694 | D        | Reached skill level 15 in Fighting
  2694 | D        | Reached skill level 15 in Axes
  2694 | D        | Received a gift from Trog
  2698 | D        | Reached skill level 15 in Armour
  2755 | D        | Noticed a lindwurm
  2767 | D        | Killed a lindwurm
  2790 | D        | Reached skill level 5 in Shields
  3000 | D        | Reached XP level 11. HP: 113/113 MP: 10/10
  3022 | D        | Received a gift from Trog
  3098 | D        | Noticed a 12-headed hydra
  3103 | D        | Killed a 12-headed hydra
  3104 | D        | Paralysed by a floating eye for 2 turns
  3122 | D        | Noticed a deep elf annihilator
  3132 | D        | Received a gift from Trog
  3146 | D        | Noticed a daeva
  3169 | D        | Reached skill level 15 in Dodging
  3401 | D        | Killed a lorocyproca
  3401 | D        | Received a gift from Trog
  3584 | D        | Killed the 27-headed Lernaean hydra
  3591 | D        | Bought the ring "Esojunegh" {rN+ Dex+6 SInv} for 886 gold
                  | pieces
  3599 | D        | Bought a runed plate armour for 546 gold pieces
  3619 | D        | Bought a scroll of enchant weapon for 82 gold pieces
  3619 | D        | Bought a scroll of enchant weapon for 82 gold pieces
  3657 | D        | Found Impecs's Antique Weapon Boutique.
  3758 | D        | Killed a deep elf master archer
  4052 | D        | Noticed a shadow dragon
  4052 | D        | Noticed a golden dragon
  4073 | D        | Killed a golden dragon
  4074 | D        | Reached skill level 10 in Shields
  4084 | D        | Killed a shadow dragon
  4085 | D        | Reached XP level 12. HP: 39/126 MP: 3/11
  4502 | D        | Found Korown's Jewellery Shoppe.
  4550 | D        | Noticed a mummy priest
  4554 | D        | Killed a deep elf annihilator
  4588 | D        | Noticed Lom Lobon
  4603 | D        | HP: 3/127 [spore (31)]
  4603 | D        | Killed by an exploding ball lightning

Table legend: (Time is in decaauts)
 A = Elapsed time spent in this place.
 B = Non-inter-level travel time spent in this place.
 C = Inter-level travel time spent in this place.
 D = Time resting spent in this place.
 E = Time spent auto-exploring this place.
 F = Levels seen in this place.
 G = Mean time per level.
                   A        B        C        D        E       F      G
               +--------+--------+--------+--------+--------+-----+--------+
         Total |   4741 |   4576 |    165 |   3257 |     94 |   1 | 4741.0 |
       Dungeon |   4741 |   4576 |    165 |   3257 |     94 |   1 | 4741.0 |
               +--------+--------+--------+--------+--------+-----+--------+

Top non-repeatable levels by time:
       D: 4741 daAuts

Table legend:
 A = Kills in this place as a percentage of kills in entire the game.
 B = Kills by you in this place as a percentage of kills by you in the entire game.
 C = Kills by friends in this place as a percentage of kills by friends in the entire game.
 D = Other kills in this place as a percentage of other kills in the entire game.
 E = Experience gained in this place as a percentage of experience gained in the entire game.
 F = Experience gained in this place divided by the number of levels of this place that you have seen.
                   A       B       C       D       E      F
               +-------+-------+-------+-------+-------+----------------------
         Total | 100.0 | 100.0 | 100.0 |   N/A | 100.0 | 24632.0
       Dungeon | 100.0 | 100.0 | 100.0 |   N/A | 100.0 | 24632.0
               +-------+-------+-------+-------+-------+----------------------

Action                   |  1- 3 |  4- 6 |  7- 9 | 10-12 || total
-------------------------+-------+-------+-------+-------++-------
Melee: Hand axe          |     8 |    28 |    45 |   120 ||   201
       Headbutt          |     2 |     5 |     9 |    48 ||    64
       Broad axe         |       |       |       |    63 ||    63
Invok: Berserk           |     2 |     4 |     5 |     7 ||    18
       Trog's Hand       |       |     1 |     1 |     5 ||     7
       Brothers in Arms  |       |       |       |     7 ||     7
  Use: Scroll            |       |       |     3 |     4 ||     7
       Potion            |       |       |       |     1 ||     1
Armor: Chain mail        |     1 |    24 |    18 |   106 ||   149
       Plate armour      |       |       |       |    70 ||    70
Dodge: Dodged            |     1 |    15 |    14 |    61 ||    91
Block: Kite shield       |       |       |       |    65 ||    65

Vanquished Creatures
  A golden dragon (D)
  A shadow dragon (D)
  A deep elf annihilator (D)
  A lorocyproca (D)
  2 centaur warriors (D)
  Sonja (D)
  A deep troll (D)
  A lindwurm (D)
  An oklob plant (D)
  A gargoyle (D)
  7 unseen horrors (D)
  2 kobold demonologists (D)
  2 demonic crawlers (D)
  A slime creature (D)
  A hornet (D)
  2 redbacks (D)
  A yak (D)
  Sigmund (D)
  13 hogs (D)
  2 floating eyes (D)
  7 necrophages (D)
  An ogre (D)
  8 jellies (D)
  Ijyb (D)
60 creatures vanquished.

Vanquished Creatures (collateral kills)
  A hydra (D)
  A merfolk siren (D)
  2 demonic crawlers (D)
  A hellwing (D)
  A hornet (D)
  A floating eye (D)
  A ball lightning (D)
8 creatures vanquished.

Vanquished Creatures (others)
  the Lernaean hydra (D)
  A deep elf master archer (D)
  A merfolk siren (D)
  A gargoyle (D)
  3 hornets (D)
  5 ball lightnings (D)
  2 ballistomycete spores (D)
14 creatures vanquished.

Grand Total: 82 creatures vanquished
